 Dungeon Crawl Stone Soup version 0.28-a0-664-gc179e30c89 (webtiles) character file.

Game seed: 10185248889932738049

8334 lawman0 the Digger (level 11, -14/91 HPs)
             Began as a Troll Earth Elementalist on Oct 16, 2021.
             Was a Follower of Wu Jian.
             Demolished by a jumping spider (17 damage)
             ... on level 2 of the Lair of Beasts.
             The game lasted 00:23:43 (9663 turns).

lawman0 the Digger (Troll Earth Elementalist)       Turns: 9663, Time: 00:23:43

Health: -14/91     AC:  4    Str: 18      XL:     11   Next: 8%
Magic:  14/14      EV:  4    Int: 14      God:    Wu Jian [*.....]
Gold:   70         SH:  0    Dex:  9 (10) Spells: 4/17 levels left

rFire   . . .      SeeInvis +     - Unarmed
rCold   . . .      Faith    .   k - +0 kite shield
rNeg    . . .      Spirit   .   b - +0 robe
rPois   .          Reflect  +   (helmet restricted)
rElec   .          Harm     .   A - +0 cloak
rCorr   .          Rampage  .   (gloves unavailable)
Will    .....                   (boots unavailable)
Stlth   +.........              u - amulet of reflection
HPRegen 1.25/turn               j - ring of wizardry
MPRegen 0.14/turn               d - ring of see invisible

@: held
A: large, unfitting armour, claws 3, regeneration 1, shaggy fur 1, tough skin 1,
talons 1, deformed body, deterioration 1, low mp 1
a: Renounce Religion


You were on level 2 of the Lair of Beasts.
You worshipped Wu Jian.
Wu Jian was aware of your devotion.
You visited 3 branches of the dungeon, and saw 11 of its levels.

You collected 462 gold pieces.
You spent 392 gold pieces at shops.

Inventory:

Missiles
 c - 127 stones
 q - 4 javelins
 x - 20 poisoned darts (quivered)
 y - 4 silver boomerangs
 B - a curare-tipped dart
 C - 3 boomerangs
Armour
 b - a +0 robe (worn)
 k - a +0 kite shield (worn)
 A - a +0 cloak (worn)
Magical Staves
 H - a staff of earth
Jewellery
 d - a ring of see invisible (right claw)
 j - a ring of wizardry (left claw)
 u - an amulet of reflection (around neck)
Wands
 a - a wand of charming (3)
 i - a wand of digging (8)
 s - a wand of polymorph (6)
 z - a wand of iceblast (9)
Scrolls
 e - 3 scrolls of amnesia
 f - a scroll of holy word
 h - a scroll of blinking
 l - a scroll of enchant armour
 n - a scroll of fear
 o - a scroll of enchant weapon
 p - 2 scrolls of vulnerability
 v - 2 scrolls of magic mapping
 G - a scroll of identify
Potions
 g - a potion of magic
 m - 2 potions of flight
 r - a potion of might
 t - 2 potions of curing
 D - a potion of haste
 E - a potion of brilliance
 F - a potion of invisibility


   Skills:
 + Level 1.3 Fighting
 + Level 1.0 Throwing
 + Level 3.3 Dodging
 + Level 1.4 Stealth
 * Level 4.5 Shields
 * Level 6.5 Unarmed Combat
 + Level 3.8 Spellcasting
 * Level 3.8 Necromancy
 * Level 4.8 Transmutations
 + Level 2.7 Air Magic
 * Level 7.7 Earth Magic
 * Level 3.0 Poison Magic
 + Level 0.4 Evocations


You had 4 spell levels left.
You knew the following spells:

 Your Spells              Type           Power      Damage    Failure   Level
a - Sandblast             Erth           48%        2d12      1%          1
b - Passwall              Tmut/Erth      16%        N/A       2%          2
c - Stone Arrow           Conj/Erth      26%        3d8       12%         3
d - Animate Skeleton      Necr           26%        N/A       4%          1
e - Mephitic Cloud        Conj/Pois/Air  8%         N/A       26%         3
f - Vampiric Draining     Necr           6%         2d6       13%         3

Your spell library contained the following spells:

 Spells                   Type           Power      Damage    Failure   Level
 Pain                     Necr           52%        1d6       4%          1
 Sublimation of Blood     Necr           6%         N/A       6%          2
 Petrify                  Tmut/Erth      20%        N/A       16%         4
 Magic Dart               Conj           8%         1d3       21%         1
 Call Imp                 Summ           2%         N/A       30%         2
 Ensorcelled Hibernation  Hex/Ice        4%         N/A       30%         2
 Tukima's Dance           Hex            2%         N/A       50%         3
 Irradiate                Conj/Tmut      4%         3d14      87%         5


Dungeon Overview and Level Annotations

Branches:
Dungeon (8/15)             Temple (1/1) D:6            Lair (2/6) D:8
  Swamp: Lair:2-4    Shoals: Lair:2-4     Snake: Lair:2-4    Spider: Lair:2-4

Altars:
Ashenzari
Dithmenos
Elyvilon
Fedhas
Gozag
Hepliaklqana
Kikubaaqudgha
Makhleb
Okawaru
Qazlal
Ru
Sif Muna
Trog
Uskayaw
Vehumet
Wu Jian
Xom
Yredelemnul
Zin

Shops:
D:5 :   D:8 !

Annotations:
D:3 1 runed translucent door, siradein's ghost, amateur DrIE
D:7 2 transporters, 1 runed translucent door, Crazy Yiuf; Maimakterion's ghost, novice TeAE


Innate Abilities, Weirdness & Mutations

You are too large for most types of armour.
You have claws for hands.
Your natural rate of healing is unusually fast.
You are covered in fur. (AC +1)
You have tough skin. (AC +1)
You have sharp toenails.
Armour fits poorly on your strangely shaped body.
Your body sometimes deteriorates upon taking damage.
Your magical capacity is low. (-10% MP)


Message History

You closely miss the jumping spider.
You claw the jumping spider, but do no damage.
The jumping spider pounces on you. You block the jumping spider's attack.
The jumping spider pounces on you! The jumping spider barely misses you.
You scratch the jumping spider but do no damage.
You claw the jumping spider.
The jumping spider is lightly wounded.
The jumping spider barely misses you. You block the jumping spider's attack.
The jumping spider leaps!
You block the jumping spider's attack. The jumping spider bites you.
You scratch the jumping spider.
The jumping spider is lightly wounded.
You block the jumping spider's attack. x2
You closely miss the jumping spider.
The jumping spider is lightly wounded.
The jumping spider leaps!
The jumping spider leaps!
You closely miss the jumping spider. Your kick misses the jumping spider.
The jumping spider pounces on you.
You are caught in a web!
The jumping spider bites you.
The jumping spider leaps!
The jumping spider pounces on you. The jumping spider bites you.
The jumping spider pounces on you.
You are even more entangled.
The jumping spider bites you.
You struggle to detach yourself from the web.
The jumping spider pounces on you!
You are even more entangled.
The jumping spider bites you. The jumping spider pounces on you.
The jumping spider bites you. The jumping spider pounces on you!
* * * LOW HITPOINT WARNING * * *
The jumping spider bites you but does no damage.
The jumping spider pounces on you.
* * * LOW HITPOINT WARNING * * *
You are even more entangled.
The jumping spider bites you.
* * * LOW HITPOINT WARNING * * *
You struggle to detach yourself from the web.
The jumping spider pounces on you!
* * * LOW HITPOINT WARNING * * *
You are even more entangled.
The jumping spider bites you but does no damage.
The jumping spider pounces on you!
You die...

#. ..# #P.## # .. #.# #..#
###.##. #)# #..# ≈
.....P.##..## ##.## ≈≈○
.......#.#.P# #..#####...°
.......<....# ##..#.○.≈≈≈.
#.#......#.#####.......≈≈.≈
##...#.#.##.#..##.s..≈.≈≈
#P..#......@s.....P.#.≈≈≈
##P...###.#s#.####### #..
#...# ####.## . ###. ### ..


You could see 3 jumping spiders.

Vanquished Creatures
  2 two-headed ogres
  Pikel (D:6)
  Joseph (D:7)
  A cane toad (Lair:1)
  2 komodo dragons (Lair:1)
  A polar bear (Lair:1)
  A hornet (D:8)
  9 yaks (D:8)
  6 water moccasins
  2 orc warriors
  A necrophage (D:4)
  An ice beast (D:5)
  A hornet zombie (D:8)
  A black bear (D:8)
  3 wolves (Lair:1)
  A phantom (D:4)
  4 ogres
  A lemure (D:6)
  3 kobold brigands
  9 bullfrogs
  A water moccasin zombie (D:5)
  A wyvern zombie (D:8)
  6 killer bees
  5 wights (D:7)
  5 hounds
  4 jellies
  4 orc priests
  A bullfrog skeleton (D:5)
  2 iguanas (D:6)
  2 orc wizards (D:6)
  2 hound skeletons (D:4)
  6 adders
  A shadow imp (D:5)
  2 ufetubi
  2 adder skeletons (D:4)
  A worm (D:2)
  4 dart slugs
  23 orcs
  3 bats (D:1)
  3 endoplasms
  8 giant cockroaches
  4 hobgoblins
  3 jackals (D:4)
  4 quokkas
  8 ball pythons
  A frilled lizard (D:3)
  5 goblins (D:1)
  21 kobolds
  3 rats
186 creatures vanquished.

Vanquished Creatures (others)
  A bullfrog (D:8)
  51 fungi
  65 plants
117 creatures vanquished.

Grand Total: 303 creatures vanquished

Notes
Turn   | Place    | Note
-------+----------+-------------------------------------------
     0 | D:1      | lawman0 the Troll Earth Elementalist began the quest for
                  | the Orb.
     0 | D:1      | Reached XP level 1. HP: 16/16 MP: 1/1
    51 | D:1      | Reached skill level 1 in Transmutations
    87 | D:1      | Reached XP level 2. HP: 24/24 MP: 2/2
    92 | D:1      | Reached skill level 3 in Earth Magic
   141 | D:1      | Learned a level 2 spell: Passwall
   282 | D:1      | Reached XP level 3. HP: 31/31 MP: 1/4
   388 | D:1      | Found a faded altar of an unknown god.
   717 | D:2      | Reached skill level 1 in Unarmed Combat
  1405 | D:3      | fucking finally
  1980 | D:3      | Found a runed translucent door.
  1982 | D:3      | Noticed siradein's ghost (amateur DrIE)
  2225 | D:4      | Reached XP level 4. HP: 39/39 MP: 0/5
  2282 | D:4      | Noticed a phantom
  2296 | D:4      | Killed a phantom
  2297 | D:4      | Reached XP level 5. HP: 40/45 MP: 0/6
  2305 | D:4      | Reached skill level 1 in Shields
  2317 | D:4      | Learned a level 3 spell: Stone Arrow
  2391 | D:4      | Noticed a necrophage
  2405 | D:4      | Killed a necrophage
  2406 | D:4      | Reached skill level 4 in Earth Magic
  2406 | D:4      | Reached XP level 6. HP: 51/53 MP: 0/7
  2995 | D:5      | Entered Level 5 of the Dungeon
  3006 | D:5      | Learned a level 1 spell: Animate Skeleton
  3012 | D:5      | Noticed a two-headed ogre
  3022 | D:5      | Killed a two-headed ogre
  3023 | D:5      | Reached skill level 1 in Necromancy
  3023 | D:5      | Reached skill level 5 in Earth Magic
  3023 | D:5      | Reached XP level 7. HP: 61/61 MP: 5/9
  3087 | D:5      | Learned a level 3 spell: Mephitic Cloud
  3144 | D:5      | Reached XP level 8. HP: 68/68 MP: 6/10
  3253 | D:5      | Found an iron altar of Okawaru.
  3582 | D:5      | Reached skill level 6 in Earth Magic
  3755 | D:5      | Found Seumu's Book Shoppe.
  4101 | D:5      | Reached skill level 1 in Air Magic
  4304 | D:6      | Gained mutation: Your magical capacity is low. (-10% MP)
                  | [potion of mutation]
  4304 | D:6      | Gained mutation: Armour fits poorly on your strangely
                  | shaped body. [potion of mutation]
  4304 | D:6      | Gained mutation: Your body sometimes deteriorates upon
                  | taking damage. [potion of mutation]
  4304 | D:6      | Gained mutation: You have sharp toenails. [potion of
                  | mutation]
  4343 | D:6      | Found a radiant altar of Vehumet.
  4366 | D:6      | Reached skill level 1 in Poison Magic
  4366 | D:6      | Reached XP level 9. HP: 57/75 MP: 11/11
  4430 | D:6      | Found a staircase to the Ecumenical Temple.
  4470 | Temple   | Entered the Ecumenical Temple
  4790 | Temple   | Became a worshipper of the Wu Jian Council
  4862 | D:6      | Found a broken altar of Ashenzari.
  5022 | D:6      | Noticed Pikel
  5040 | D:6      | Killed Pikel
  5362 | D:6      | Reached skill level 1 in Fighting
  5362 | D:6      | Paralysed by an orc for 4 turns
  5648 | D:7      | You fall into a shaft and drop 1 floor!
  5793 | D:7      | Found a transporter.
  5818 | D:7      | Found a transporter.
  5822 | D:7      | Noticed a moth of wrath
  5825 | D:7      | Noticed Maimakterion's ghost (novice TeAE)
  5827 | D:7      | Found a bloodstained altar of Trog.
  5861 | D:7      | Noticed a troll
  6067 | D:7      | Noticed a two-headed ogre
  6074 | D:7      | Killed a two-headed ogre
  6075 | D:7      | Reached skill level 7 in Earth Magic
  6214 | D:7      | Noticed Joseph
  6232 | D:7      | Killed Joseph
  6233 | D:7      | Reached XP level 10. HP: 84/84 MP: 12/12
  6285 | D:7      | Found a runed translucent door.
  6286 | D:7      | Noticed Crazy Yiuf
  6872 | D:8      | Reached skill level 1 in Throwing
  6872 | D:8      | Reached skill level 5 in Unarmed Combat
  6888 | D:8      | Learned a level 3 spell: Vampiric Draining
  7430 | D:8      | Found a staircase to the Lair.
  7455 | D:8      | Reached * piety under Wu Jian
  7635 | D:8      | Found a shadowy altar of Dithmenos.
  7635 | D:8      | Found a hazy altar of Hepliaklqana.
  7635 | D:8      | Found a glowing silver altar of Zin.
  7781 | D:8      | Found Neiqos's Distillery.
  7789 | D:8      | Bought a potion of haste for 140 gold pieces
  7789 | D:8      | Bought a potion of curing for 42 gold pieces
  7789 | D:8      | Bought a potion of brilliance for 56 gold pieces
  7789 | D:8      | Bought a potion of flight for 42 gold pieces
  7789 | D:8      | Bought a potion of invisibility for 112 gold pieces
  8344 | Lair:1   | Entered Level 1 of the Lair of Beasts
  9020 | Lair:1   | HP: 2/84 [wolf (7)]
  9026 | Lair:1   | Reached XP level 11. HP: 34/91 MP: 1/14
  9663 | Lair:2   | HP: 3/91 [jumping spider (11)]
  9663 | Lair:2   | Demolished by a jumping spider

Illustrated notes

#.# #. ... #. #.#
#.## #.# #####... ###
#.# #.. ...# ##.###.#
#.# ##.#
####...##.####.###...
+....................
####@.......##.#.#...
#..###.#.##......#
#.## #.#.####.####
#.# #.#.# #.# #.#
..#.# #.# #.# ###.#
#.# #.# #.# #.# #.[
..# #.# ...


Turn 1405 on D:3: fucking finally

Levels and vault maps discovered:
D:1:      dpeg_arrival_pond, layout_basic, shapermc_ecumenical_altar_venn
D:2:      layout_rooms, st_stairs_7
D:3:      layout_loops_corners, ebering_ghost_sewer_d
D:4:      layout_basic
D:5:      layout_basic, okawaru_ov_weapons_minmay, serial_shops,
          nicolae_take_the_stairs
D:6:      layout_basic, mainiacjoe_overflow_alcove_4, vehumet_crystals,
          temple_pool_b, serial_curves, eino_curves_04, eino_curves_04,
          uniq_pikel
D:7:      layout_basic, gammafunk_ghost_wrathful_warriors, uniq_joseph,
          uniq_crazy_yiuf_cottage
D:8:      layout_layer_cave, gammafunk_temple_overflow_claw,
          due_lair_maze_entry_diamond, serial_shops, nicolae_shop_crystal
Temple:   nicolae_temple_figure_eight
Lair:1:   layout_cave_pods, grunt_forest_small_clearings, serial_bayou_shore_a
Lair:2:   gammafunk_boulding_lane, layout_loops_ring,
          nicolae_swamp_entry_splash_gauntlet, spider_nest_entry_a,
          grunt_megastairs_3, uniq_nergalle, uniq_erica, uniq_maggie

Skill      XL: |  1  2  3  4  5  6  7  8  9 10 11 |
---------------+----------------------------------+-----
Transmutations | 1 2 3 4 |  4.8
Earth Magic    | 3 4 5 6 7 |  7.7
Unarmed Combat | 1 2 3 4 6 |  6.5
Shields        | 1 2 3 4 |  4.5
Dodging        | 2 3 |  3.3
Spellcasting   | 2 3 |  3.8
Necromancy     | 1 2 3 |  3.8
Air Magic      | 1 2 |  2.7
Poison Magic   | 1 2 3 |  3.0
Fighting       | 1 |  1.3
Throwing       | 1 |  1.0
Stealth        | |  1.4
Evocations     | |  0.4

Action                   |  1- 3 |  4- 6 |  7- 9 | 10-12 || total
-------------------------+-------+-------+-------+-------++-------
Melee: Unarmed           |    74 |    37 |   152 |   246 ||   509
       Kick              |       |       |    13 |    43 ||    56
Throw: Javelin           |       |     4 |     9 |       ||    13
       Stone             |       |     1 |     1 |       ||     2
       Boomerang         |       |       |     7 |       ||     7
       Dart              |       |       |     8 |    19 ||    27
 Cast: Sandblast         |    41 |    29 |    93 |    38 ||   201
       Stone Arrow       |       |       |     2 |     4 ||     6
       Animate Skeleton  |       |       |     2 |       ||     2
       Vampiric Draining |       |       |       |    16 ||    16
       Mephitic Cloud    |       |       |       |     2 ||     2
Invok: Lunge             |       |       |     4 |     4 ||     8
       Whirlwind         |       |       |       |    61 ||    61
Evoke: Wand              |       |     4 |     4 |     9 ||    17
  Use: Scroll            |     1 |     4 |     7 |     1 ||    13
       Potion            |       |       |     6 |     4 ||    10
 Stab: Sleeping          |       |     1 |     1 |     1 ||     3
       Paralysed         |       |       |       |     6 ||     6
Armor: Robe              |    37 |    16 |    22 |    36 ||   111
       Skin              |       |       |    58 |    48 ||   106
Dodge: Dodged            |    39 |    14 |    56 |    70 ||   179
Block: Kite shield       |     2 |    16 |   116 |   241 ||   375
       Reflection        |       |       |     4 |       ||     4

Table legend: (Time is in decaauts)
 A = Elapsed time spent in this place.
 B = Non-inter-level travel time spent in this place.
 C = Inter-level travel time spent in this place.
 D = Time resting spent in this place.
 E = Time spent auto-exploring this place.
 F = Levels seen in this place.
 G = Mean time per level.
                   A        B        C        D        E       F      G
               +--------+--------+--------+--------+--------+-----+--------+
         Total |   9739 |   9299 |    440 |    556 |   6811 |  11 |  885.4 |
       Dungeon |   8068 |   7660 |    408 |    351 |   5660 |   8 | 1008.5 |
        Temple |    335 |    321 |     14 |      0 |    260 |   1 |  335.0 |
          Lair |   1335 |   1317 |     18 |    205 |    891 |   2 |  667.5 |
               +--------+--------+--------+--------+--------+-----+--------+

Top non-repeatable levels by time:
     D:8: 1647 daAuts
  Lair:1: 1296 daAuts
     D:5: 1236 daAuts
     D:7: 1115 daAuts
     D:6: 1062 daAuts
     D:3: 978 daAuts
     D:4: 786 daAuts
     D:1: 689 daAuts
     D:2: 552 daAuts
  Temple: 335 daAuts
  Lair:2: 38 daAuts
